 Dungeon Crawl Stone Soup version 0.30.0-20-g3615ddf2f0 (webtiles) character file.

Game seed: 1197107526122837100

17371 qw the Cleaver (level 12, -2/76 HPs)
             Began as a Gargoyle Fighter on May 29, 2023.
             Was a Priest of Okawaru.
             Engulfed by a steam dragon's steam (7 damage)
             ... on level 2 of the Lair of Beasts.
             The game lasted 00:06:24 (12161 turns).

qw the Cleaver (Gargoyle Fighter)                  Turns: 12161, Time: 00:06:25

Health: -2/76      AC: 33    Str: 23    XL:     12   Next: 47%
Magic:  20/20      EV: 10    Int: 11    God:    Okawaru [***...]
Gold:   574        SH: 19    Dex: 15    Spells: 11/11 levels left

rFire   . . .        Y - +3 war axe (venom)
rCold   . . .        w - +0 tower shield
rNeg    + . .        A - +5 chain mail "Deschoc" {SInv}
rPois   inf          (helmet restricted)
rElec   +            t - +0 cloak
rCorr   .            (no gloves)
SInv    +            j - +0 pair of boots
Will    ++...        x - amulet of Woesi {Faith Will++} Stlth
                     e - +4 ring of protection
HPRegen 0.32/turn    p - +6 ring of dexterity
MPRegen 0.17/turn

%: faith
@: heroic
A: sickness immunity, AC +8, negative energy resistance 1, electricity
resistance, torment resistance 1, petrification resistance, horns 1, high MP 1
a: Renounce Religion, Heroism


You were on level 2 of the Lair of Beasts.
You worshipped Okawaru.
Okawaru was most pleased with you.
You visited 3 branches of the dungeon, and saw 14 of its levels.

You collected 574 gold pieces.


Innate Abilities, Weirdness & Mutations

You are immune to sickness and miasma.
Your stone body is resilient. (AC +8)
You are immune to poison.
You resist negative energy. (rN+)
You are resistant to electric shocks. (rElec)
You are resistant to unholy torment.
You are immune to petrification.
You have a pair of small horns on your head.
You have an increased reservoir of magic. (+10% MP)


   Skills:
 - Level 9.0(14.0) Fighting
 - Level 11.2(16.2) Axes
 - Level 4.4(9.4) Throwing
 - Level 8.1(13.1) Armour
 - Level 2.1(7.1) Dodging
 + Level 9.4(14.4) Shields
 - Level 8.8 Invocations


You had 11 spell levels left.
You didn't know any spells.
Your spell library was empty.

Inventory:

Hand Weapons
 Y - a +3 war axe of venom (weapon)
Armour
 j - a +0 pair of boots (worn)
 n - +0 acid dragon scales
 o - a +2 chain mail of fire resistance
 t - a +0 cloak (worn)
 w - a +0 tower shield (worn)
 A - the +5 chain mail "Deschoc" (worn) {SInv}
   (Okawaru gifted it to you on level 1 of the Lair of Beasts)

   SInv:      It lets you see invisible.
Jewellery
 e - a +4 ring of protection (left hand)
 k - a ring of fire
 p - a +6 ring of dexterity (right hand)
 u - a ring of resist corrosion
 x - the amulet of Woesi (around neck) {Faith Will++}
   (You took it off a gnoll sergeant on level 10 of the Dungeon)

   [amulet of faith]

   It allows you to gain divine favour quickly.
   Will:      It greatly increases your willpower.
 z - an amulet of the acrobat
Scrolls
 i - 3 scrolls of identify
Potions
 a - 7 potions of curing
 c - a potion of magic
 d - 3 potions of might
 g - 2 potions of attraction
 h - 2 potions of haste
 l - a potion of lignification
 m - 2 potions of resistance
 s - a potion of mutation

Dungeon Overview and Level Annotations

Branches:
Dungeon (11/15)            Temple (1/1) D:4            Lair (2/5) D:11
    Orc (0/2) D:9
  Swamp: Lair:2-3    Shoals: Lair:2-3     Snake: Lair:2-3    Spider: Lair:2-3

Altars:
Ashenzari
Cheibriados
Dithmenos
Elyvilon
Fedhas
Gozag
Hepliaklqana
Kikubaaqudgha
Makhleb
Nemelex Xobeh
Okawaru
Qazlal
Ru
Sif Muna
Trog
Uskayaw
Vehumet
Wu Jian
Xom
Yredelemnul
Zin
The Shining One

Shops:
D:6 ::

Annotations:
D:10 2 runed translucent doors


Message History

The steam dragon is almost dead.
You barely miss the steam dragon. You hit the rime drake.
The rime drake is poisoned.
You slash the steam dragon! x2
The steam dragon is poisoned.
The steam dragon bites you but does no damage.
You block the steam dragon's attack.
The steam dragon bites you but does no damage.
You block the steam dragon's attack.
The steam dragon bites you but does no damage.
You block the steam dragon's attack.
The rime drake bites you but does no damage.
The steam dragon bites you but does no damage.
The steam dragon claws you but does no damage.
You slash the steam dragon!
You kill the steam dragon!
Okawaru accepts your kill.
You hit the steam dragon.
The steam dragon is poisoned.
You closely miss the rime drake. You closely miss the steam dragon.
You closely miss the rime drake.
You hit the steam dragon but do no damage.
The steam dragon looks even sicker.
You block the rime drake's attack. The rime drake closely misses you.
The steam dragon bites you but does no damage.
The steam dragon claws you but does no damage.
The steam dragon breathes steam at you. The ball of steam hits you!
You block the steam dragon's attack.
The steam dragon claws you but does no damage.
You hear an angry hiss. x2
You slash the steam dragon! You headbutt the steam dragon.
You kill the steam dragon!
Okawaru accepts your kill.
The steam dragon scales are intact enough to wear.
You hit the steam dragon.
The steam dragon looks as sick as possible!
You barely miss the steam dragon. You hit the rime drake.
The rime drake is poisoned.
You slash the rime drake!
The rime drake looks as sick as possible!
You hit the rime drake but do no damage.
You are engulfed in a cloud of scalding steam.
You die...

#. #.##
###..### #
P###.#....###..
[.....¤.¤......
......¤¤k......
......k¤k......
.....DD@kk(8...
.....##D[......
.#~ ##D.D....
#~.~.$# ##/..#
#..# .## #


You could see 5 rime drakes and 5 steam dragons.

Vanquished Creatures
  Harold (Lair:1)
  A hydra (Lair:2)
  A two-headed ogre (D:11)
  A death yak (Lair:1)
  A deep troll (D:10)
  A flayed ghost (D:10)
  3 cyclopes
  A black mamba (Lair:1)
  A torpor snail (Lair:1)
  Maggie (D:7)
  An unseen horror (D:11)
  2 komodo dragons
  2 trolls
  3 polar bears
  Sigmund (D:3)
  2 shadows
  A vampire (D:9)
  2 wyverns
  A human (D:9)
  17 yaks
  4 steam dragons
  4 water moccasins
  Duvessa (D:7)
  6 orc warriors
  2 ice beasts
  A sky beast (D:7)
  4 black bears
  4 ogres
  2 phantoms
  10 wolves (Lair:2)
  2 centaurs
  4 kobold brigands
  6 bullfrogs
  2 gnoll sergeants
  2 scorpions
  10 wights
  Dowan (D:7)
  An electric eel (Lair:2)
  12 howler monkeys
  11 orc priests
  2 hounds
  A sleepcap (D:7)
  2 iguanas
  9 orc wizards
  15 gnolls
  10 adders
  A shadow imp (D:7)
  3 white imps
  2 ufetubi (D:6)
  2 worms (D:3)
  3 dart slugs
  42 orcs
  8 bats
  5 endoplasms
  5 giant cockroaches
  13 hobgoblins
  28 kobolds
  3 quokkas
  12 ball pythons
  4 frilled lizards
  18 goblins
  6 rats
327 creatures vanquished.

Vanquished Creatures (others)
  2 orc wizards (D:10)
2 creatures vanquished.

Grand Total: 329 creatures vanquished

Notes
Turn   | Place    | Note
-------+----------+-------------------------------------------
     0 | D:1      | qw the Gargoyle Fighter began the quest for the Orb.
     0 | D:1      | Reached XP level 1. HP: 14/14 MP: 1/1
     0 | D:1      | 0 ||| qw: Version: 0.2-a-101-gf424e7f
     0 | D:1      | 0 ||| qw: Game counter: 302
     0 | D:1      | 0 ||| qw: Always use a shield: true
     0 | D:1      | 0 ||| qw: God list: Okawaru
     0 | D:1      | 0 ||| qw: Allow faded altars: false
     0 | D:1      | 0 ||| qw: Do Orc after D:15 true
     0 | D:1      | 0 ||| qw: Do second Lair branch before Depths: true
     0 | D:1      | 0 ||| qw: Lair rune preference: random
     0 | D:1      | 0 ||| qw: Plans: Normal, Zot:1-4, Slime:5, God:TSO, Crypt,
                  | Tomb, Pan, Hells, Abyss, Win
     0 | D:1      | 0 ||| PLANNING D:1-11
    28 | D:1      | Reached skill level 2 in Axes
    30 | D:1      | 30 ||| FLEEEEING.
    31 | D:1      | 31 ||| FLEEEEING.
    54 | D:1      | 54 ||| Stepping ~*~*~tactically~*~*~ (stealth).
    55 | D:1      | 55 ||| Stepping ~*~*~tactically~*~*~ (stealth).
   131 | D:1      | Reached XP level 2. HP: 19/19 MP: 2/2
   333 | D:1      | 333 ||| Stepping ~*~*~tactically~*~*~ (hiding).
   334 | D:1      | 334 ||| Stepping ~*~*~tactically~*~*~ (hiding).
   339 | D:1      | 339 ||| Stepping ~*~*~tactically~*~*~ (stealth).
   348 | D:1      | Reached skill level 3 in Axes
   471 | D:1      | Reached XP level 3. HP: 23/23 MP: 3/3
   621 | D:1      | 621 ||| Stepping ~*~*~tactically~*~*~ (stealth).
   763 | D:1      | 763 ||| DROPPING +0 club.
   764 | D:1      | 764 ||| READING scroll labelled NYMISIO MACOTUUM.
   765 | D:1      | 765 ||| READING scroll labelled XAGOV MUERPHENLYMIQ.
   766 | D:1      | 766 ||| READING scroll labelled ONAUNLO JOSEILA.
   767 | D:1      | 767 ||| DRINKING 2 fuming black potions.
   768 | D:1      | 768 ||| DROPPING potion of degeneration.
   853 | D:2      | Reached XP level 4. HP: 28/28 MP: 4/4
   941 | D:2      | 941 ||| Stepping ~*~*~tactically~*~*~ (stealth).
   942 | D:2      | 942 ||| Stepping ~*~*~tactically~*~*~ (stealth).
   957 | D:2      | Reached skill level 4 in Axes
  1078 | D:2      | Found a burning altar of Makhleb.
  1165 | D:2      | Identified the +8 mace "Oquijirph" {heavy, rC+ Int+2 Dex+5}
  1167 | D:2      | 1167 ||| DROPPING +0 mace.
  1309 | D:2      | 1309 ||| UPGRADING to +4 ring of protection.
  1310 | D:2      | 1310 ||| READING scroll labelled JARARO ALOIF.
  1315 | D:2      | 1315 ||| READING scroll labelled AMUUVI VISIRYI.
  1316 | D:2      | 1316 ||| READING scroll labelled LOR RIUFIHYE.
  1317 | D:2      | 1317 ||| READING scroll labelled IDDOGUWAAMM.
  1433 | D:3      | Noticed Sigmund
  1434 | D:3      | 1434 ||| Stepping ~*~*~tactically~*~*~ (hiding).
  1453 | D:3      | Killed Sigmund
  1454 | D:3      | Reached skill level 3 in Throwing
  1454 | D:3      | Reached XP level 5. HP: 21/32 MP: 5/5
  1454 | D:3      | Reached XP level 6. HP: 25/37 MP: 6/6
  1849 | D:3      | Found a shadowy altar of Dithmenos.
  1849 | D:3      | Found a broken altar of Ashenzari.
  2013 | D:3      | 2013 ||| Stepping ~*~*~tactically~*~*~ (hiding).
  2259 | D:3      | 2259 ||| READING scroll labelled SYUNWA OSKUY.
  2260 | D:3      | 2260 ||| DRINKING 2 pink potions.
  2261 | D:3      | 2261 ||| DRINKING 3 emerald potions.
  2262 | D:3      | 2262 ||| READING 2 scrolls of identify.
  2262 | D:3      | 2262 ||| IDENTIFYING metallic grey potion
  2263 | D:3      | 2263 ||| DROPPING potion of flight.
  2323 | D:4      | 2323 ||| DROPPING +8 mace "Oquijirph" {heavy, rC+ Int+2
                  | Dex+5}.
  2595 | D:4      | 2595 ||| Stepping ~*~*~tactically~*~*~ (stealth).
  2597 | D:4      | 2597 ||| Stepping ~*~*~tactically~*~*~ (hiding).
  2691 | D:4      | Found a staircase to the Ecumenical Temple.
  2692 | D:4      | 2692 ||| PLANNING TEMPLE
  2692 | D:4      | 2692 ||| DRINKING 2 viscous yellow potions.
  2693 | D:4      | 2693 ||| DROPPING potion of brilliance.
  2708 | Temple   | Entered the Ecumenical Temple
  2775 | Temple   | 2775 ||| PLANNING OKAWARU WORSHIP
  2896 | Temple   | Became a worshipper of Warmaster Okawaru
  2896 | Temple   | 2896 ||| PLANNING D:1-11
  3017 | D:4      | Reached skill level 5 in Axes
  3148 | D:4      | 3148 ||| UPGRADING to +0 pair of boots.
  3153 | D:4      | 3153 ||| READING scroll labelled DUIVVAME JAHUJ.
  3171 | D:5      | Entered Level 5 of the Dungeon
  3190 | D:5      | Reached XP level 7. HP: 38/41 MP: 7/7
  3409 | D:5      | Reached skill level 1 in Dodging
  3453 | D:5      | Reached * piety under Okawaru
  3490 | D:5      | 3490 ||| INVOKING Heroism.
  3496 | D:5      | Reached skill level 6 in Axes
  3629 | D:5      | 3629 ||| INVOKING Heroism.
  3637 | D:5      | Reached XP level 8. HP: 45/48 MP: 5/8
  3756 | D:5      | 3756 ||| INVOKING Heroism.
  3767 | D:5      | 3767 ||| INVOKING Heroism.
  3914 | D:5      | Found a bloodstained altar of Trog.
  3918 | D:5      | Reached skill level 7 in Axes
  3924 | D:5      | 3924 ||| INVOKING Heroism.
  3929 | D:5      | Reached skill level 1 in Invocations
  3935 | D:5      | 3935 ||| INVOKING Heroism.
  4321 | D:5      | 4321 ||| UPGRADING to +0 helmet.
  4326 | D:5      | 4326 ||| DRINKING 2 grey potions.
  4389 | D:6      | 4389 ||| INVOKING Heroism.
  4408 | D:6      | 4408 ||| STAIRDANCE
  4495 | D:6      | 4495 ||| Stepping ~*~*~tactically~*~*~ (hiding).
  4496 | D:6      | 4496 ||| Stepping ~*~*~tactically~*~*~ (hiding).
  4497 | D:6      | 4497 ||| Stepping ~*~*~tactically~*~*~ (stealth).
  4503 | D:6      | 4503 ||| INVOKING Heroism.
  4520 | D:6      | 4520 ||| INVOKING Heroism.
  4658 | D:6      | Found Rueshreck's Book Shop.
  4675 | D:6      | Reached skill level 8 in Axes
  4677 | D:6      | 4677 ||| INVOKING Heroism.
  4880 | D:6      | Found Zomoomel's Book Boutique.
  4927 | D:6      | Reached XP level 9. HP: 55/55 MP: 10/10
  4982 | D:6      | Reached skill level 6 in Fighting
  4982 | D:6      | 4982 ||| INVOKING Heroism.
  4989 | D:6      | 4989 ||| FLEEEEING.
  4990 | D:6      | 4990 ||| FLEEEEING.
  4991 | D:6      | 4991 ||| FLEEEEING.
  4992 | D:6      | 4992 ||| FLEEEEING.
  4993 | D:6      | 4993 ||| FLEEEEING.
  4994 | D:6      | 4994 ||| FLEEEEING.
  4995 | D:6      | 4995 ||| FLEEEEING.
  4996 | D:6      | 4996 ||| FLEEEEING.
  4997 | D:6      | 4997 ||| FLEEEEING.
  4999 | D:6      | 4999 ||| FLEEEEING.
  5000 | D:6      | 5000 ||| FLEEEEING.
  5001 | D:6      | 5001 ||| FLEEEEING.
  5003 | D:6      | 5003 ||| FLEEEEING.
  5004 | D:6      | 5004 ||| FLEEEEING.
  5005 | D:6      | 5005 ||| FLEEEEING.
  5006 | D:6      | 5006 ||| FLEEEEING.
  5007 | D:6      | 5007 ||| FLEEEEING.
  5008 | D:6      | 5008 ||| FLEEEEING.
  5009 | D:6      | 5009 ||| FLEEEEING.
  5010 | D:6      | 5010 ||| FLEEEEING.
  5011 | D:6      | 5011 ||| FLEEEEING.
  5012 | D:6      | 5012 ||| FLEEEEING.
  5013 | D:6      | 5013 ||| FLEEEEING.
  5014 | D:6      | 5014 ||| FLEEEEING.
  5015 | D:6      | 5015 ||| STAIRDANCE
  5115 | D:5      | 5115 ||| UPGRADING to +0 plate armour.
  5125 | D:5      | 5125 ||| DROPPING +0 scale mail.
  5126 | D:5      | 5126 ||| UPGRADING to +0 cloak.
  5131 | D:5      | 5131 ||| UPGRADING to ring of resist corrosion.
  5132 | D:5      | 5132 ||| DRINKING 2 sedimented grey potions.
  5133 | D:5      | 5133 ||| READING 3 scrolls of identify.
  5133 | D:5      | 5133 ||| IDENTIFYING inky potion
  5134 | D:5      | 5134 ||| READING 2 scrolls of identify.
  5134 | D:5      | 5134 ||| IDENTIFYING viscous red potion
  5135 | D:5      | 5135 ||| DROPPING potion of berserk rage.
  5136 | D:5      | 5136 ||| DROPPING potion of invisibility.
  5310 | D:6      | 5310 ||| DROPPING ring of flight.
  5311 | D:6      | 5311 ||| UPGRADING to +6 ring of dexterity.
  5313 | D:6      | 5313 ||| READING 2 scrolls of identify.
  5313 | D:6      | 5313 ||| IDENTIFYING fuming amethyst potion
  5349 | D:7      | 5349 ||| PLANNING OSSUARY
  5380 | D:7      | 5380 ||| Stepping ~*~*~tactically~*~*~ (stealth).
  5381 | D:7      | 5381 ||| INVOKING Heroism.
  5388 | D:7      | Reached skill level 3 in Invocations
  5397 | D:7      | 5397 ||| INVOKING Heroism.
  5543 | D:7      | 5543 ||| Stepping ~*~*~tactically~*~*~ (hiding).
  5694 | D:7      | Identified the +6 leather armour "Zuanaq" {Will+ Int+4}
  5907 | D:7      | Found a snail-covered altar of Cheibriados.
  5957 | D:7      | Noticed Maggie
  5960 | D:7      | 5960 ||| INVOKING Heroism.
  5960 | D:7      | HP: 5/55 [Maggie/bolt of fire (32)]
  5961 | D:7      | 5961 ||| READING 3 scrolls of teleportation.
  5962 | D:7      | 5962 ||| DRINKING 3 potions of heal wounds.
  6054 | D:7      | 6054 ||| INVOKING Heroism.
  6104 | D:7      | 6104 ||| RIP OSSUARY
  6110 | D:7      | 6110 ||| PLANNING D:1-11
  6111 | D:7      | 6111 ||| Stepping ~*~*~tactically~*~*~ (hiding).
  6115 | D:7      | 6115 ||| INVOKING Heroism.
  6124 | D:7      | Reached skill level 6 in Armour
  6169 | D:7      | HP: 10/55 [Maggie/+0 heavy war axe (8)]
  6170 | D:7      | 6170 ||| READING 2 scrolls of teleportation.
  6171 | D:7      | 6171 ||| DRINKING 2 potions of heal wounds.
  6394 | D:7      | 6394 ||| Stepping ~*~*~tactically~*~*~ (stealth).
  6467 | D:7      | Noticed Duvessa
  6467 | D:7      | Noticed Dowan
  6476 | D:7      | Killed Dowan
  6485 | D:7      | HP: 8/55 [Duvessa/+3 rapier of venom (7)]
  6486 | D:7      | 6486 ||| READING scroll of teleportation.
  6487 | D:7      | 6487 ||| DRINKING potion of heal wounds.
  6537 | D:7      | Killed Maggie
  6538 | D:7      | Reached skill level 9 in Axes
  6646 | D:7      | 6646 ||| SWAPPING to +0 heavy war axe.
  6647 | D:7      | 6647 ||| DROPPING +0 war axe.
  6685 | D:7      | 6685 ||| Stepping ~*~*~tactically~*~*~ (stealth).
  6689 | D:7      | 6689 ||| Stepping ~*~*~tactically~*~*~ (hiding).
  6698 | D:7      | 6698 ||| Stepping ~*~*~tactically~*~*~ (stealth).
  6699 | D:7      | 6699 ||| INVOKING Heroism.
  6911 | D:7      | 6911 ||| Stepping ~*~*~tactically~*~*~ (hiding).
  6912 | D:7      | 6912 ||| Stepping ~*~*~tactically~*~*~ (hiding).
  6914 | D:7      | 6914 ||| INVOKING Heroism.
  6919 | D:7      | Killed Duvessa
  6920 | D:7      | Reached XP level 10. HP: 57/60 MP: 9/13
  6954 | D:7      | 6954 ||| DRINKING 6 potions of curing.
  6954 | D:7      | 6954 ||| (to cure confusion)
  7181 | D:7      | 7181 ||| READING scroll labelled WUTAKE GAWKOG.
  7182 | D:7      | 7182 ||| READING 2 scrolls of identify.
  7182 | D:7      | 7182 ||| IDENTIFYING sapphire potion
  7183 | D:7      | 7183 ||| DROPPING potion of ambrosia.
  7248 | D:8      | Identified the +3 mace of the Lumpy Curses {flame, *Noise
                  | rCorr Dex+8}
  7277 | D:8      | 7277 ||| Stepping ~*~*~tactically~*~*~ (hiding).
  7278 | D:8      | 7278 ||| Stepping ~*~*~tactically~*~*~ (hiding).
  7279 | D:8      | 7279 ||| Stepping ~*~*~tactically~*~*~ (hiding).
  7280 | D:8      | 7280 ||| Stepping ~*~*~tactically~*~*~ (hiding).
  7282 | D:8      | 7282 ||| Stepping ~*~*~tactically~*~*~ (hiding).
  7283 | D:8      | 7283 ||| Stepping ~*~*~tactically~*~*~ (hiding).
  7434 | D:8      | 7434 ||| Stepping ~*~*~tactically~*~*~ (hiding).
  7435 | D:8      | 7435 ||| Stepping ~*~*~tactically~*~*~ (hiding).
  7438 | D:8      | 7438 ||| Stepping ~*~*~tactically~*~*~ (hiding).
  7440 | D:8      | 7440 ||| INVOKING Heroism.
  7453 | D:8      | 7453 ||| Stepping ~*~*~tactically~*~*~ (hiding).
  7498 | D:8      | Found a sparkling altar of Nemelex Xobeh.
  7534 | D:8      | 7534 ||| Stepping ~*~*~tactically~*~*~ (stealth).
  7547 | D:8      | 7547 ||| INVOKING Heroism.
  7550 | D:8      | Reached skill level 10 in Axes
  7555 | D:8      | Reached ** piety under Okawaru
  7571 | D:8      | 7571 ||| SWAPPING to +1 war axe of freezing.
  7572 | D:8      | 7572 ||| DROPPING +0 heavy war axe.
  7816 | D:8      | 7816 ||| READING scroll labelled QELOROG KAIME.
  7817 | D:8      | 7817 ||| READING scroll labelled ITUZUA NUUCE.
  7818 | D:8      | 7818 ||| DRINKING 2 fuming emerald potions.
  7818 | D:8      | Gained mutation: You have an increased reservoir of magic.
                  | (+10% MP) [potion of mutation]
  7818 | D:8      | Gained mutation: You have a pair of small horns on your
                  | head. [potion of mutation]
  7826 | D:8      | 7826 ||| DROPPING +0 helmet.
  7857 | D:9      | 7857 ||| FLEEEEING.
  7858 | D:9      | 7858 ||| FLEEEEING.
  7859 | D:9      | 7859 ||| FLEEEEING.
  7860 | D:9      | 7860 ||| FLEEEEING.
  7862 | D:9      | 7862 ||| FLEEEEING.
  7863 | D:9      | 7863 ||| Stepping ~*~*~tactically~*~*~ (hiding).
  7864 | D:9      | 7864 ||| Stepping ~*~*~tactically~*~*~ (hiding).
  7866 | D:9      | 7866 ||| FLEEEEING.
  7867 | D:9      | 7867 ||| FLEEEEING.
  7872 | D:9      | 7872 ||| INVOKING Heroism.
  7874 | D:9      | 7874 ||| Stepping ~*~*~tactically~*~*~ (hiding).
  7876 | D:9      | 7876 ||| Stepping ~*~*~tactically~*~*~ (hiding).
  7892 | D:9      | 7892 ||| INVOKING Heroism.
  7923 | D:9      | 7923 ||| FLEEEEING.
  7924 | D:9      | 7924 ||| FLEEEEING.
  7925 | D:9      | 7925 ||| FLEEEEING.
  7926 | D:9      | 7926 ||| FLEEEEING.
  7989 | D:9      | 7989 ||| Stepping ~*~*~tactically~*~*~ (stealth).
  7990 | D:9      | 7990 ||| Stepping ~*~*~tactically~*~*~ (stealth).
  8009 | D:9      | 8009 ||| FLEEEEING.
  8010 | D:9      | 8010 ||| FLEEEEING.
  8011 | D:9      | 8011 ||| FLEEEEING.
  8012 | D:9      | 8012 ||| FLEEEEING.
  8013 | D:9      | 8013 ||| FLEEEEING.
  8014 | D:9      | 8014 ||| FLEEEEING.
  8015 | D:9      | 8015 ||| FLEEEEING.
  8016 | D:9      | 8016 ||| FLEEEEING.
  8017 | D:9      | 8017 ||| FLEEEEING.
  8021 | D:9      | 8021 ||| Stepping ~*~*~tactically~*~*~ (hiding).
  8077 | D:9      | Found a staircase to the Orcish Mines.
  8148 | D:9      | 8148 ||| INVOKING Heroism.
  8204 | D:9      | 8204 ||| Stepping ~*~*~tactically~*~*~ (stealth).
  8677 | D:9      | 8677 ||| INVOKING Heroism.
  8857 | D:9      | 8857 ||| UPGRADING to +1 plate armour of poison resistance.
  8867 | D:9      | 8867 ||| DROPPING +0 plate armour.
  8893 | D:10     | Entered Level 10 of the Dungeon
  8933 | D:10     | Identified the +4 trident "Plog" {pain, Int+5}
  8939 | D:10     | 8939 ||| Stepping ~*~*~tactically~*~*~ (stealth).
  8940 | D:10     | 8940 ||| Stepping ~*~*~tactically~*~*~ (stealth).
  9004 | D:10     | Reached XP level 11. HP: 53/68 MP: 15/15
  9037 | D:10     | 9037 ||| Stepping ~*~*~tactically~*~*~ (stealth).
  9047 | D:10     | 9047 ||| Stepping ~*~*~tactically~*~*~ (hiding).
  9152 | D:10     | 9152 ||| Stepping ~*~*~tactically~*~*~ (stealth).
  9161 | D:10     | 9161 ||| Stepping ~*~*~tactically~*~*~ (stealth).
  9162 | D:10     | 9162 ||| INVOKING Heroism.
  9166 | D:10     | Reached skill level 11 in Axes
  9181 | D:10     | Reached *** piety under Okawaru
  9187 | D:10     | Reached skill level 9 in Fighting
  9322 | D:10     | 9322 ||| Stepping ~*~*~tactically~*~*~ (stealth).
  9341 | D:10     | 9341 ||| Stepping ~*~*~tactically~*~*~ (stealth).
  9357 | D:10     | Noticed a flayed ghost
  9366 | D:10     | Killed a flayed ghost
  9453 | D:10     | Identified the amulet of Woesi {Faith Will++}
  9454 | D:10     | 9454 ||| Stepping ~*~*~tactically~*~*~ (hiding).
  9456 | D:10     | 9456 ||| Stepping ~*~*~tactically~*~*~ (hiding).
  9513 | D:10     | Noticed a deep troll
  9514 | D:10     | 9514 ||| INVOKING Heroism.
  9522 | D:10     | Killed a deep troll
  9522 | D:10     | Reached **** piety under Okawaru
  9548 | D:10     | Noticed a cyclops
  9549 | D:10     | 9549 ||| INVOKING Heroism.
  9559 | D:10     | Killed a cyclops
  9576 | D:10     | Found the ring of Shadows {Umbra +Inv Stlth+}
  9635 | D:10     | Found a runed translucent door.
  9636 | D:10     | Found a runed translucent door.
  9636 | D:10     | Noticed a centaur warrior
  9665 | D:10     | 9665 ||| Stepping ~*~*~tactically~*~*~ (stealth).
  9708 | D:10     | Found a shimmering blue altar of Sif Muna.
  9715 | D:10     | 9715 ||| DRINKING 7 potions of curing.
  9715 | D:10     | 9715 ||| (to cure confusion)
  9718 | D:10     | 9718 ||| UPGRADING to +0 tower shield.
  9723 | D:10     | 9723 ||| UPGRADING to +0 buckler.
  9728 | D:10     | 9728 ||| UPGRADING to +0 tower shield.
  9730 | D:10     | 9730 ||| UPGRADING to +0 tower shield.
  9732 | D:10     | 9732 ||| UPGRADING to +0 tower shield.
  9742 | D:10     | 9742 ||| DROPPING +0 buckler.
  9797 | D:10     | 9797 ||| UPGRADING to amulet of Woesi {Faith Will++}.
  9802 | D:10     | 9802 ||| DROPPING amulet of faith.
  9803 | D:10     | 9803 ||| READING 3 scrolls of identify.
  9803 | D:10     | 9803 ||| IDENTIFYING smoky sapphire potion
  9839 | D:11     | Noticed a cyclops
  9840 | D:11     | 9840 ||| INVOKING Heroism.
  9851 | D:11     | Killed a cyclops
  9956 | D:11     | Found a staircase to the Lair.
  9968 | D:11     | 9968 ||| INVOKING Heroism.
 10122 | D:11     | 10122 ||| Stepping ~*~*~tactically~*~*~ (stealth).
 10125 | D:11     | 10125 ||| Stepping ~*~*~tactically~*~*~ (stealth).
 10129 | D:11     | 10129 ||| Stepping ~*~*~tactically~*~*~ (hiding).
 10241 | D:11     | Noticed a two-headed ogre
 10242 | D:11     | 10242 ||| INVOKING Heroism.
 10251 | D:11     | Killed a two-headed ogre
 10252 | D:11     | Reached skill level 6 in Shields
 10477 | D:11     | 10477 ||| READING scroll of enchant weapon.
 10477 | D:11     | 10477 ||| ENCHANTING +2 war axe of freezing.
 10559 | D:11     | Noticed a cyclops
 10560 | D:11     | 10560 ||| Stepping ~*~*~tactically~*~*~ (stealth).
 10562 | D:11     | 10562 ||| FLEEEEING.
 10570 | D:11     | 10570 ||| STAIRDANCE
 10778 | D:11     | 10778 ||| INVOKING Heroism.
 10782 | D:11     | Killed a cyclops
 10972 | D:11     | 10972 ||| PLANNING LAIR
 10974 | Lair:1   | Entered Level 1 of the Lair of Beasts
 10975 | Lair:1   | Found a bloodstained altar of Trog.
 10985 | Lair:1   | 10985 ||| Stepping ~*~*~tactically~*~*~ (stealth).
 10989 | Lair:1   | Reached skill level 6 in Invocations
 11107 | Lair:1   | 11107 ||| INVOKING Heroism.
 11108 | Lair:1   | 11108 ||| Stepping ~*~*~tactically~*~*~ (water).
 11120 | Lair:1   | Reached ***** piety under Okawaru
 11175 | Lair:1   | Noticed Harold
 11176 | Lair:1   | 11176 ||| Stepping ~*~*~tactically~*~*~ (hiding).
 11177 | Lair:1   | 11177 ||| Stepping ~*~*~tactically~*~*~ (stealth).
 11178 | Lair:1   | 11178 ||| Stepping ~*~*~tactically~*~*~ (stealth).
 11179 | Lair:1   | 11179 ||| Stepping ~*~*~tactically~*~*~ (hiding).
 11184 | Lair:1   | 11184 ||| INVOKING Heroism.
 11192 | Lair:1   | Killed Harold
 11193 | Lair:1   | Reached XP level 12. HP: 66/76 MP: 17/19
 11363 | Lair:1   | Identified the +5 chain mail "Deschoc" {SInv} (Okawaru
                  | gifted it to you on level 1 of the Lair of Beasts)
 11363 | Lair:1   | Received a gift from Okawaru
 11367 | Lair:1   | 11367 ||| INVOKING Heroism.
 11512 | Lair:1   | Noticed a death yak
 11513 | Lair:1   | 11513 ||| INVOKING Heroism.
 11514 | Lair:1   | 11514 ||| INVOKING Finesse.
 11522 | Lair:1   | Killed a death yak
 11560 | Lair:1   | 11560 ||| FLEEEEING.
 11561 | Lair:1   | 11561 ||| FLEEEEING.
 11562 | Lair:1   | 11562 ||| FLEEEEING.
 11563 | Lair:1   | 11563 ||| FLEEEEING.
 11564 | Lair:1   | 11564 ||| FLEEEEING.
 11565 | Lair:1   | 11565 ||| FLEEEEING.
 11566 | Lair:1   | 11566 ||| FLEEEEING.
 11568 | Lair:1   | 11568 ||| INVOKING Heroism.
 11987 | Lair:1   | 11987 ||| UPGRADING to +5 chain mail "Deschoc" {SInv}.
 11997 | Lair:1   | 11997 ||| DROPPING +1 plate armour of poison resistance.
 11998 | Lair:1   | 11998 ||| READING scroll labelled ACZOAZXISH.
 11999 | Lair:1   | 11999 ||| READING 3 scrolls labelled JITEOP JOITZ.
 12000 | Lair:1   | 12000 ||| READING 2 scrolls of brand weapon.
 12000 | Lair:1   | 12000 ||| BRANDING +3 heavy war axe.
 12001 | Lair:1   | 12001 ||| DROPPING +2 hand axe of flaming.
 12002 | Lair:1   | 12002 ||| READING scroll of brand weapon.
 12002 | Lair:1   | 12002 ||| BRANDING +3 war axe of flaming.
 12003 | Lair:1   | 12003 ||| READING 4 scrolls of identify.
 12003 | Lair:1   | 12003 ||| IDENTIFYING sedimented pink potion
 12038 | Lair:2   | 12038 ||| INVOKING Heroism.
 12088 | Lair:2   | 12088 ||| Stepping ~*~*~tactically~*~*~ (stealth).
 12097 | Lair:2   | Noticed a four-headed hydra
 12098 | Lair:2   | 12098 ||| INVOKING Heroism.
 12101 | Lair:2   | Reached skill level 9 in Shields
 12120 | Lair:2   | HP: 19/76 [15-headed hydra (7)]
 12121 | Lair:2   | 12121 ||| READING 2 scrolls of teleportation.
 12121 | Lair:2   | HP: 6/76 [15-headed hydra (5)]
 12122 | Lair:2   | 12122 ||| DRINKING potion of heal wounds.
 12124 | Lair:2   | Killed a 17-headed hydra
 12149 | Lair:2   | 12149 ||| INVOKING Heroism.
 12152 | Lair:2   | HP: 14/76 [lindwurm/blast of flame (26)]
 12153 | Lair:2   | 12153 ||| READING scroll of teleportation.
 12160 | Lair:2   | HP: 5/76 [steam dragon/ball of steam (12)]
 12161 | Lair:2   | Engulfed by a steam dragon's steam

Levels and vault maps discovered:
D:1:      mrwooster_arrival_statue, layout_loops_cross
D:2:      layout_rooms, basic_altar, grunt_ministairs_14, minmay_tiny_reverse_x
D:3:      layout_basic, mainiacjoe_overflow_divided_tiny,
          kennysheep_generic_room_13, uniq_sigmund
D:4:      layout_loops_ring, temple_pool_b, serial_bayou_pond_c
D:5:      layout_loops_corners, trog_ov_bears_minmay
D:6:      layout_rooms, serial_shops, nicolae_shop_just_a_little_nook, shop,
          kennysheep_crisscross
D:7:      corexii_shantytown, layout_loops_corners,
          mainiacjoe_overflow_cross_hatched, chequers_ossuary_entry_cave,
          nicolae_zen_rock_garden, uniq_duvessa, uniq_maggie
D:8:      layout_gridville, nemelex_xobeh_ov_fountains_minmay
D:9:      layout_gridville, erik_orc_4
D:10:     minmay_the_grid_four_pointed_star_mashed
          [minmay_the_grid_triangle_9x9_tough_junction,
          minmay_the_grid_triangle_9x9_wacky_v,
          minmay_the_grid_triangle_9x9_empty,
          minmay_the_grid_triangle_9x9_minimal,
          minmay_the_grid_prize_diamond_cup], layout_rooms, led_sif_book
D:11:     layout_loops_ring, david_lair_shrubbed
Temple:   eino_temple_rhombus
Lair:1:   layout_regular_city, basic_altar, serial_rivers,
          chequers_serial_rivers_small_b, chequers_serial_rivers_large_b,
          chequers_serial_rivers_large_a, chequers_serial_rivers_small_b,
          chequers_serial_rivers_room_b, chequers_serial_rivers_micro_b,
          chequers_serial_rivers_micro_e, cheibrodos_lair_lostbears, uniq_harold
Lair:2:   layout_chaotic_city, minmay_shoals_entry_hut,
          nicolae_snake_entry_squirm, enter_volcano_1,
          portal_ice_cave_entry_pillars_1, gammafunk_ghost_necromancy,
          bobbens_dragon_lair_wall, serial_bayou_shore_a

Skill      XL: |  1  2  3  4  5  6  7  8  9 10 11 12 |
---------------+-------------------------------------+-----
Axes           | 2 3 4 5 6 8 9 10 11 | 11.2
Throwing       | 3 4 |  4.4
Fighting       | 4 5 6 8 9 |  9.0
Dodging        | 1 2 |  2.1
Invocations    | 2 4 7 8 |  8.8
Armour         | 6 7 8 |  8.1
Shields        | 4 5 7 9 |  9.4

Action                     |  1- 3 |  4- 6 |  7- 9 | 10-12 || total
---------------------------+-------+-------+-------+-------++-------
  Melee: War axe           |    88 |   124 |   307 |   443 ||   962
         Headbutt          |       |       |       |    89 ||    89
  Throw: Javelin           |       |    20 |     6 |    25 ||    51
         Boomerang         |       |       |    27 |    31 ||    58
 Invoke: Heroism           |       |       |    18 |    21 ||    39
         Finesse           |       |       |       |     1 ||     1
    Use: Scroll            |     3 |     7 |     6 |    13 ||    29
         Potion            |     1 |     3 |     5 |     4 ||    13
 Armour: Scale mail        |    50 |    67 |    71 |       ||   188
         Plate armour      |       |       |    90 |   238 ||   328
         Chain mail        |       |       |       |   102 ||   102
  Dodge: Dodged            |    43 |    53 |   122 |   149 ||   367
  Block: Buckler           |    16 |    19 |    64 |    58 ||   157
         Tower shield      |       |       |       |   220 ||   220

Table legend:
 A = Non-vault XP
 B = Vault XP
 C = Vault XP percentage of total XP
 D = Non-vault monster count
 E = Vault monster count
 F = Vault count percentage of total count
                 A         B        C        D         E       F
            +---------+---------+-------+---------+---------+-------
      Total |   19169 |    5819 |  23.3 |     258 |      70 |  21.3
            +---------+---------+-------+---------+---------+-------
        D:1 |      45 |       0 |   0.0 |      24 |       0 |   0.0
        D:2 |      44 |      31 |  41.3 |      19 |       4 |  17.4
        D:3 |      42 |     241 |  85.2 |      16 |       3 |  15.8
        D:4 |     178 |       0 |   0.0 |      15 |       0 |   0.0
        D:5 |    1000 |     261 |  20.7 |      16 |       2 |  11.1
        D:6 |    1066 |       0 |   0.0 |      24 |       0 |   0.0
        D:7 |    1330 |     704 |  34.6 |      28 |      33 |  54.1
        D:8 |    1461 |       0 |   0.0 |      31 |       0 |   0.0
        D:9 |    1020 |     681 |  40.0 |       7 |      17 |  70.8
       D:10 |    3697 |    1697 |  31.5 |      29 |       5 |  14.7
       D:11 |    2492 |     355 |  12.5 |      18 |       1 |   5.3
     Lair:1 |    4281 |    1487 |  25.8 |      17 |       3 |  15.0
     Lair:2 |    2513 |     362 |  12.6 |      14 |       2 |  12.5
            +---------+---------+-------+---------+---------+-------
